 Dungeon Crawl Stone Soup version 0.21-a0-476-gd103f4b (webtiles) character file.

1035 KristoblXynda the Bolt Thrower (level 8, -1/66 HPs)
             Began as a Tengu Hunter on Nov 22, 2017.
             Slain by a hound (4 damage)
             ... on level 4 of the Dungeon.
             The game lasted 00:13:54 (6363 turns).

KristoblXynda the Bolt Thrower (Tengu Hunter)       Turns: 6363, Time: 00:13:55

Health: -1/66      AC: 31    Str: 14    XL:     8   Next: 24%
Magic:  18/19      EV:  2    Int: 18    God:
Gold:   184        SH:  0    Dex: 14    Spells: 7/7 levels left

rFire    . . .     SeeInvis .   i - +2 dagger (protect)
rCold    . . .     Gourm    .   (no shield)
rNeg     + + +     Faith    .   (armour currently unavailable)
rPois    +         Spirit   .   (helmet currently unavailable)
rElec    .         Reflect  .   (cloak currently unavailable)
rCorr    .         Harm     .   (gloves currently unavailable)
MR       .....     NoTele   +   (boots unavailable)
Stlth    +++.......             (no amulet)
HPRegen  0.21/turn              k - ring of magical power
MPRegen  0.16/turn              l - ring of flight

@: brilliant, tree-form, protection aura
A: able to fly 1
a: Fly


You were on level 4 of the Dungeon.
You were hungry.
You were a tree.
You visited 1 branch of the dungeon, and saw 4 of its levels.

You collected 184 gold pieces.

Inventory:

Hand Weapons
 a - a +1 hand crossbow
 i - a +2 dagger of protection (weapon)
Missiles
 d - 5 bolts
 p - 3 throwing nets (quivered)
Armour
 g - a +0 troll leather armour (melded) {Purgy}
Jewellery
 k - a ring of magical power (left branch)
 l - a ring of flight (right branch)
Wands
 m - a wand of disintegration (13)
Scrolls
 j - a scroll of remove curse
 o - a scroll of magic mapping
 t - a scroll of amnesia {unknown}
Potions
 b - a potion of mutation
 n - a potion of flight
Books
 h - a book of Misfortune

   Spells                             Type                      Level
   a - Confusing Touch                Hexes                        1
   b - Confuse                        Hexes                        3
   c - Gell's Gravitas                Translocation                3
   d - Petrify                        Transmutation/Earth          4
   e - Metabolic Englaciation         Hexes/Ice                    5
   f - Yara's Violent Unravelling     Hexes/Transmutation          5
Comestibles
 f - 2 bread rations
 r - 3 chunks of flesh


   Skills:
 - Level 2.0 Fighting
 - Level 3.3 Short Blades
 + Level 7.1 Crossbows
 + Level 2.5 Armour
 - Level 5.1 Dodging
 - Level 5.0 Stealth
 + Level 1.4 Evocations


You had 7 spell levels left.
You didn't know any spells.

Dungeon Overview and Level Annotations

Branches:
Dungeon (4/15)
 Temple: D:4-7

Altars:
The Shining One


Innate Abilities, Weirdness & Mutations

((You have a beak for a mouth.))
((You have claws for feet.))
You can fly.


Message History

The hound bites you but does no damage.
The orc priest hits you but does no damage.
You hit the orc priest.
The orc priest is almost dead.
The hound bites you but does no damage.
The orc priest looks encouraged for a moment.
You hit the orc priest but do no damage.
The orc priest is almost dead.
The hound bites you.
* * * LOW HITPOINT WARNING * * *
The orc priest hits you.
* * * LOW HITPOINT WARNING * * *
You hit the orc priest.
You kill the orc priest!
The hound bites you.
* * * LOW HITPOINT WARNING * * *
The hound bites you but does no damage.
You cannot move.
You hit the hound but do no damage. The hound bites you.
You die...

##.....#%. .........
.......#######
..............
#...........
#.##......
########.##.##h######
#.....##.[..[♣.......
#.....##.##.##....###
#.....##.##.# ###+#
#.......S##.###
###......##'#<+ ..#
#..........## ..#+
##..........# ......
#...........# (...$.
#...........# ......


You could see a hound.

Vanquished Creatures
  Purgy (D:3)
  An orc warrior (D:4)
  An ogre (D:4)
  A gnoll sergeant (D:3)
  2 orc priests
  6 gnoll shamans (D:3)
  An orc wizard (D:4)
  Jessica (D:2)
  Natasha (D:3)
  3 adders
  28 gnolls (D:3)
  A worm (D:2)
  2 dart slugs
  A leopard gecko (D:2)
  6 orcs
  6 bats
  A giant cockroach (D:1)
  3 hobgoblins
  17 jackals (D:3)
  8 kobolds
  2 quokkas
  A frilled lizard (D:1)
  6 goblins
  3 rats
103 creatures vanquished.

Notes
Turn   | Place    | Note
-------+----------+-------------------------------------------
     0 | D:1      | KristoblXynda the Tengu Hunter began the quest for the Orb.
     0 | D:1      | Reached XP level 1. HP: 12/12 MP: 2/2
   236 | D:2      | Reached XP level 2. HP: 13/17 MP: 3/3
   490 | D:2      | Noticed Jessica
   529 | D:2      | Killed Jessica
   529 | D:2      | Reached XP level 3. HP: 6/21 MP: 4/4
  1542 | D:2      | Reached XP level 4. HP: 25/26 MP: 5/5
  1590 | D:2      | Reached skill level 5 in Crossbows
  2213 | D:3      | Noticed Natasha
  2232 | D:3      | Killed Natasha
  2484 | D:3      | Gained mutation: You can fly. [Tengu growth]
  2484 | D:3      | Reached XP level 5. HP: 14/30 MP: 6/6
  2630 | D:3      | Noticed Purgy
  3412 | D:3      | Reached skill level 1 in Short Blades
  3412 | D:3      | Reached XP level 6. HP: 30/35 MP: 7/7
  4435 | D:3      | Reached skill level 6 in Crossbows
  4525 | D:3      | Reached XP level 7. HP: 29/40 MP: 8/8
  5016 | D:3      | HP: 1/40 [gnoll shaman/whip (6)]
  5345 | D:3      | Found a glowing golden altar of the Shining One.
  5650 | D:3      | Reached skill level 5 in Dodging
  6065 | D:3      | Killed Purgy
  6065 | D:3      | Reached skill level 1 in Armour
  6272 | D:4      | Reached skill level 5 in Stealth
  6272 | D:4      | Reached XP level 8. HP: 44/44 MP: 9/9
  6331 | D:4      | Reached skill level 7 in Crossbows
  6331 | D:4      | Reached skill level 1 in Evocations
  6362 | D:4      | HP: 3/66 [hound (2)]
  6363 | D:4      | Slain by a hound

Vault maps used:
D:1:      scummos_arrival_forest, minmay_distorted
D:2:      uniq_jessica
D:3:      lemuel_castle_with_subvaults, tso_altar, uniq_purgy, uniq_natasha
D:4:      minmay_temple_entry_butterflies, serial_shops, kennysheep_mini

Skill      XL: |  1  2  3  4  5  6  7  8 |
---------------+-------------------------+-----
Dodging        | 3 4 5 |  5.1
Stealth        | 2 3 4 5 |  5.0
Crossbows      | 5 6 7 |  7.1
Short Blades   | 1 2 3 |  3.3
Armour         | 1 2 |  2.5
Evocations     | 1 |  1.4
Fighting       | |  2.0

Action                   |  1- 3 |  4- 6 |  7- 9 || total
-------------------------+-------+-------+-------++-------
Melee: Dagger            |    53 |   215 |   137 ||   405
       Kick              |    14 |    75 |    36 ||   125
       Peck              |     7 |    46 |    23 ||    76
 Fire: Hand crossbow     |       |    24 |    18 ||    42
 Abil: Fly               |       |     2 |     2 ||     4
       Evoke Flight      |       |       |     1 ||     1
Evoke: Wand              |       |     1 |       ||     1
  Use: Scroll            |     2 |     5 |       ||     7
       Potion            |     1 |     4 |     2 ||     7
 Stab: Sleeping          |     2 |     3 |       ||     5
       Distracted        |       |       |     1 ||     1
  Eat: Bread ration      |     1 |       |       ||     1
       Fruit             |     1 |       |       ||     1
       Chunk             |       |     2 |     5 ||     7
       Meat ration       |       |     1 |       ||     1
Armor: Leather armour    |    14 |    39 |    13 ||    66
       Troll leather arm |       |       |     4 ||     4
       Skin              |       |       |    49 ||    49
Dodge: Dodged            |    43 |   166 |    50 ||   259

Table legend:
 A = Spawn XP
 B = Non-spawn XP
 C = Spawn XP percentage of total XP
 D = Spawn monster count
 E = Non-spawn monster count
 F = Spawn count percentage of total count
 G = Total turns spent on level
                    A         B        C        D         E        F      G
               +---------+---------+-------+---------+---------+-------+---------
         Total |       0 |    1479 |   0.0 |       0 |     103 |   0.0 |  6363
               +---------+---------+-------+---------+---------+-------+---------
           D:1 |       0 |      17 |   0.0 |       0 |      10 |   0.0 |   518
           D:2 |       0 |      85 |   0.0 |       0 |      19 |   0.0 |  1686
           D:3 |       0 |    1016 |   0.0 |       0 |      67 |   0.0 |  4054
           D:4 |       0 |     361 |   0.0 |       0 |       7 |   0.0 |   105
               +---------+---------+-------+---------+---------+-------+---------
